Map: Línea Aguablanca EE

Players

Mauro

  • Race: Protoss Protoss
  • League: Silver
  • Spawn Location: 7:00

Putinsky

  • Race: Zerg Zerg
  • League: Gold
  • Spawn Location: 7:00

Tapion

  • Race: Protoss Protoss
  • League: Gold
  • Spawn Location: 6:00

TATORREA

  • Race: Protoss Protoss
  • League: Gold
  • Spawn Location: 12:00

MrFercho

  • Race: Zerg Zerg
  • League: Silver
  • Spawn Location: 1:00

tigro

  • Race: Terran Terran
  • League: Bronze
  • Spawn Location: 1:00

VOD

Have the link to the VOD?

Description

Time

  • Played on: July 1, 2020, 8:50 p.m.
  • Length: 15:16
Show
View Real Time Build Order
Export as new Build Order

Mauro Protoss 

Build Orders:  

Get SALT Encoding   

  1  0:00  Probe  
  13  0:11  Probe  
  14  0:24  Pylon  
  14  0:28  Assimilator, Probe  
  15  0:49  Gateway  
  15  0:52  Probe  
  16  1:04  Probe  
  17  1:14  Probe  
  18  1:21  Assimilator  
  18  1:22  Probe  
  19  1:38  Cybernetics Core  
  19  1:46  Probe  
  20  1:58  Probe  
  21  2:10  Probe  
  22  2:22  Pylon, Probe  
  23  2:39  Stargate  
  23  2:40  Pylon  
  23  2:46  Pylon  
  23  2:53  Stargate  
  23  2:58  Nexus  
  23  3:01  Pylon  
  23  3:07  Assimilator  
  23  3:09  Assimilator  
  23  3:39  Void Ray x2  
  31  3:50  Probe  
  32  4:02  Probe  
  33  4:08  Probe  
  33  4:14  Probe  
  33  4:16  Probe  
  35  4:19  Stargate  
  36  4:26  Probe  
  37  4:35  Void Ray  
  41  4:55  Void Ray  
  45  5:08  Probe  
  45  5:11  Void Ray  
  50  5:20  Probe  
  51  5:32  Probe  
  52  5:44  Probe  
  53  5:59  Void Ray x3  
  65  6:13  Fleet Beacon  
  65  7:11  Void Ray  
  69  7:17  Pylon  
  69  7:19  Pylon  
  69  7:21  Pylon  
  69  7:35  Void Ray x2  
  77  7:41  Pylon  
  77  7:42  Pylon  
  77  7:50  Unknown  
  77  8:04  Stargate  
  77  8:06  Pylon  
  77  8:26  Pylon  
  77  8:28  Stargate  
  77  8:33  Probe  
  78  8:38  Void Ray x2  
  86  8:45  Probe  
  87  8:52  Carrier  
  93  8:57  Probe  
  94  9:09  Probe  
  95  9:21  Probe  
  95  9:23  Carrier  
  102  9:24  Void Ray  
  106  9:33  Probe  
  107  9:42  Nexus  
  108  9:45  Probe  
  108  9:47  Pylon  
  108  9:50  Assimilator  
  108  9:56  Assimilator  
  108  10:05  Void Ray  
  112  10:46  Void Ray x2  
  112  10:47  Void Ray  
  116  11:19  Carrier  
  122  11:29  Probe  
  123  11:33  Pylon  
  123  11:38  Pylon  
  123  11:39  Pylon  
  123  11:41  Probe  
  123  11:42  Pylon  
  123  11:44  Pylon  
  124  11:53  Probe  
  97  12:42  Void Ray x5  
  108  13:26  Void Ray  
  108  13:27  Void Ray x3  
  116  14:18  Void Ray x4  
  116  14:20  Void Ray  
Show
View Real Time Build Order
Export as new Build Order

Putinsky Zerg 

Build Orders: Pool First 

Get SALT Encoding   

  12  0:01  Drone  
  13  0:13  Overlord  
  13  0:18  Drone  
  14  0:32  Drone x2  
  14  0:35  Drone  
  17  0:49  Extractor  
  16  1:07  Drone  
  16  1:08  Spawning Pool, Drone  
  17  1:18  Drone  
  18  1:42  Overlord, Drone  
  19  1:56  Queen  
  19  1:57  Zergling x2  
  19  2:01  Metabolic Boost  
  22  2:06  Zergling x2  
  23  2:13  Zergling x2  
  24  2:20  Hatchery  
  23  2:24  Zergling x2  
  24  2:35  Zergling x2  
  25  2:44  Evolution Chamber  
  25  2:47  Zergling x2  
  25  3:02  Zergling x2  
  26  3:09  Zergling x6  
  29  3:12  Zerg Melee Weapons Level 1  
  29  3:27  Zergling x2  
  29  3:28  Hatchery, Overlord  
  29  3:38  Overlord x2  
  29  3:53  Zergling x8  
  33  4:02  Drone x2  
  35  4:13  Zergling x4  
  37  4:25  Zergling x2  
  37  4:26  Zergling x6  
  40  4:51  Zergling x16  
  46  5:01  Zergling x2  
  46  5:06  Zergling x2, Drone  
  49  5:07  Drone x2  
  49  5:09  Queen  
  53  5:19  Lair  
  53  5:55  Zergling x12  
  53  5:56  Zergling x12  
  63  6:06  Drone  
  63  6:10  Overlord x2  
  64  6:22  Drone  
  65  6:28  Overlord x2  
  65  6:38  Drone x2  
  65  6:39  Drone x2  
  69  6:59  Overlord x3  
  69  7:05  Drone x2  
  69  7:06  Drone x2  
  73  7:12  Zergling x2  
  73  7:13  Zergling x6  
  75  7:54  Zergling x20  
  75  7:55  Zergling x10  
  90  8:06  Extractor  
  90  8:08  Extractor  
  90  8:10  Extractor, Drone x5  
  92  8:18  Zerg Melee Weapons Level 2  
  92  8:52  Drone x6, Spire  
  97  9:01  Queen  
  99  9:04  Zergling x2  
  99  9:05  Zergling x22  
  111  9:35  Evolution Chamber  
  109  10:18  Zergling x6  
  65  10:42  Zergling x2  
  65  10:43  Zergling x22  
  65  10:44  Zergling x10  
  65  10:48  Zergling x8  
  49  10:59  Zergling x2  
  49  11:00  Zergling x4  
  48  11:10  Zergling x6  
  46  11:49  Hatchery  
  38  12:03  Zergling x18  
  38  12:04  Zergling x10  
  51  12:18  Zerg Ground Armor Level 1  
  42  12:59  Spawning Pool  
  22  13:46  Zergling x2  
  22  13:47  Zergling x20  
  33  13:51  Zergling x6  
  36  13:59  Zergling x6  
  39  14:04  Queen  
  39  14:06  Zergling x2  
  39  14:07  Zergling x6  
  44  14:35  Zergling x2  
  44  14:36  Zergling x26  
  54  14:45  Zergling x2  
Show
View Real Time Build Order
Export as new Build Order

Tapion Protoss 

Build Orders: Carriers 

Get SALT Encoding   

  12  0:02  Probe  
  13  0:19  Pylon  
  13  0:37  Forge  
  13  0:42  Assimilator  
  13  1:42  Assimilator  
  13  1:51  Assimilator  
  13  1:57  Probe  
  13  2:00  Gateway  
  13  2:05  Probe  
  13  2:10  Assimilator  
  13  2:13  Pylon  
  13  2:15  Probe  
  14  2:18  Pylon  
  15  2:26  Probe  
  16  2:34  Probe  
  16  2:42  Probe  
  17  2:48  Zealot  
  20  2:53  Probe  
  21  3:04  Protoss Ground Weapons Level 1  
  21  3:05  Probe  
  21  3:11  Cybernetics Core  
  22  3:14  Gateway  
  22  3:17  Gateway  
  22  3:18  Probe  
  23  3:27  Zealot  
  23  3:30  Probe  
  26  3:58  Nexus  
  26  4:05  Warp Gate  
  26  4:14  Pylon  
  26  4:16  Pylon  
  26  4:21  Assimilator  
  26  4:29  Zealot  
  28  4:34  Stalker  
  30  4:40  Zealot  
  31  5:06  Probe  
  31  5:12  Probe  
  32  5:14  Probe  
  32  5:20  Probe  
  34  5:24  Probe  
  34  5:25  Stalker  
  38  5:29  Probe  
  39  5:36  Probe  
  39  5:41  Probe  
  41  5:48  Probe  
  42  5:53  Probe  
  43  6:00  Probe  
  44  6:05  Probe  
  44  6:06  Stalker x2  
  49  6:12  Probe  
  49  6:13  Probe  
  51  6:20  Probe  
  51  6:21  Probe  
  53  6:27  Assimilator  
  53  6:28  Probe  
  53  6:32  Probe  
  54  6:35  Zealot x3  
  54  6:39  Probe  
  61  6:43  Twilight Council  
  61  6:44  Probe  
  63  6:51  Probe  
  64  7:03  Probe  
  65  7:15  Probe  
  66  7:18  Stalker x2  
  70  7:27  Pylon  
  70  7:29  Pylon  
  70  7:30  Charge  
  70  7:32  Pylon  
  70  7:35  Protoss Ground Weapons Level 2  
  70  7:40  Pylon  
  70  7:45  Pylon, Probe  
  71  7:54  Stargate  
  71  7:55  Stargate  
  71  7:57  Stargate  
  71  8:00  Stargate  
  71  8:09  Gateway  
  71  8:11  Gateway  
  71  8:13  Gateway  
  71  8:15  Gateway  
  71  8:32  Stalker x3  
  71  8:34  Nexus  
  77  8:41  Probe  
  78  8:50  Pylon  
  78  8:52  Pylon  
  78  8:53  Probe  
  78  8:55  Pylon  
  79  9:03  Fleet Beacon  
  79  9:06  Probe  
  80  9:10  Zealot x3  
  80  9:11  Zealot x2  
  90  9:18  Probe, Blink  
  90  9:22  Probe  
  91  9:27  Probe  
  91  9:30  Probe  
  93  9:35  Probe  
  94  9:40  Probe  
  94  9:43  Assimilator  
  94  9:44  Probe  
  96  9:49  Assimilator, Probe  
  96  9:52  Probe  
  99  9:56  Probe  
  99  9:57  Probe  
  99  9:58  Stalker x3  
  106  10:00  Stalker  
  106  10:04  Probe  
  110  10:07  Probe  
  110  10:08  Probe  
  110  10:19  Probe  
  107  10:31  Probe  
  107  10:33  Zealot x2  
  107  10:34  Zealot x5  
  67  11:02  Zealot x2  
  67  11:03  Zealot x5  
  77  11:06  Carrier x4  
  101  11:28  Zealot x6  
  107  12:10  Void Ray x4  
  121  12:58  Stalker  
  121  12:59  Stalker x3  
  121  13:00  Stalker x3  
  135  13:06  Carrier x2  
  147  13:26  Pylon  
  147  13:29  Pylon  
  147  13:32  Pylon  
  147  13:34  Carrier  
  149  13:36  Carrier, Probe  
  141  13:44  Probe  
  141  13:52  Pylon  
  141  13:54  Probe  
  141  13:55  Pylon  
  142  13:59  Pylon  
  143  14:05  Zealot x4  
  143  14:06  Probe, Zealot x3  
  158  14:10  Void Ray x2  
  166  14:18  Probe  
Show
View Real Time Build Order
Export as new Build Order

TATORREA Protoss 

Build Orders:  

Get SALT Encoding   

  12  0:01  Probe  
  13  0:13  Probe  
  14  0:24  Pylon  
  14  0:25  Probe  
  15  0:42  Probe  
  16  0:43  Gateway  
  16  1:08  Probe  
  17  1:20  Probe  
  18  1:32  Probe  
  19  1:38  Zealot  
  21  1:45  Probe, Cybernetics Core  
  22  1:53  Probe  
  23  2:13  Gateway  
  23  2:20  Nexus  
  23  2:21  Pylon  
  23  2:32  Assimilator  
  23  2:39  Probe  
  24  2:45  Pylon  
  24  2:47  Probe  
  24  2:55  Probe  
  25  2:59  Assimilator  
  26  3:06  Probe  
  27  3:18  Probe  
  28  3:27  Warp Gate  
  28  3:30  Probe  
  28  3:31  Stalker  
  31  3:36  Probe  
  31  3:41  Stalker  
  34  3:42  Probe  
  34  3:46  Probe  
  35  3:50  Probe  
  35  3:54  Probe  
  37  3:58  Probe  
  39  4:03  Robotics Facility, Probe  
  39  4:06  Gateway  
  39  4:08  Gateway, Probe  
  40  4:15  Probe  
  42  4:19  Pylon  
  42  4:20  Probe  
  42  4:23  Pylon  
  43  4:27  Pylon  
  43  4:28  Probe  
  44  4:32  Probe  
  44  4:37  Assimilator  
  44  4:38  Sentry  
  47  4:39  Sentry  
  47  4:41  Probe  
  47  4:42  Assimilator  
  50  4:47  Probe  
  50  4:52  Immortal  
  55  4:53  Probe  
  55  4:59  Probe  
  57  5:05  Probe  
  58  5:22  Probe x2  
  60  5:32  Immortal  
  60  5:34  Stalker x4  
  72  6:04  Probe x2  
  72  6:10  Nexus  
  74  6:12  Stalker x2  
  74  6:16  Pylon  
  78  6:24  Pylon  
  78  6:26  Pylon  
  78  6:30  Pylon  
  78  6:34  Probe x2  
  78  6:38  Pylon  
  76  6:43  Stalker x2, Pylon  
  76  6:44  Stalker x2  
  76  6:46  Probe x2  
  82  6:57  Probe  
  82  6:58  Probe  
  84  7:05  Probe  
  84  7:06  Probe  
  84  7:13  Probe  
  86  7:21  Stalker x3  
  86  7:22  Stalker  
  95  7:35  Forge, Probe  
  95  7:36  Forge, Probe  
  97  7:37  Probe  
  97  7:38  Forge  
  97  7:39  Twilight Council  
  98  7:48  Probe x2  
  98  7:49  Probe  
  101  7:58  Stalker  
  101  7:59  Stalker x3  
  109  8:11  Photon Cannon  
  109  8:14  Photon Cannon  
  109  8:18  Photon Cannon  
  109  8:21  Photon Cannon, Shield Battery  
  109  8:59  Probe x2  
  109  9:00  Protoss Ground Armor Level 1, Probe, Protoss Shields Level 1, Protoss Ground Weapons Level 1  
  112  9:05  Stalker x2  
  112  9:06  Stalker  
  112  9:07  Sentry  
  112  9:09  Blink  
  120  9:17  Assimilator  
  120  9:32  Templar Archives  
  120  9:41  Gateway  
  120  9:43  Gateway  
  120  9:46  Gateway  
  120  9:49  Gateway  
  120  9:50  Gateway  
  120  9:52  Gateway  
  120  9:55  Gateway  
  120  9:57  Gateway  
  120  9:59  Pylon  
  120  10:03  Pylon x2  
  120  10:07  Pylon  
  120  10:12  Pylon  
  68  11:13  Stalker x2  
  68  11:14  Stalker x4  
  68  11:15  Stalker x2  
  68  11:16  Stalker x3  
  68  11:17  Stalker  
  82  11:30  Probe x3  
  85  11:38  Assimilator  
  85  11:40  Stalker x2, Nexus  
  85  11:41  Stalker  
  85  11:42  Stalker x2  
  85  11:43  Stalker x3  
  85  11:44  Stalker, Pylon  
  85  11:45  Stalker  
  85  11:46  Stalker x2  
  108  11:47  Pylon  
  92  12:03  Probe  
  92  12:04  Probe x2  
  82  12:15  Probe  
  82  12:16  Probe x2  
  82  12:21  Stalker x3  
  82  12:22  Stalker x4  
  92  12:23  Stalker x2  
  92  12:28  Probe x3  
  69  12:37  Protoss Shields Level 2, Protoss Ground Armor Level 2, Protoss Ground Weapons Level 2  
  49  12:54  Stalker x3  
  49  12:55  Stalker x3  
  41  13:19  Pylon  
  40  13:22  Stalker x2  
  26  13:53  Stalker  
Show
View Real Time Build Order
Export as new Build Order

MrFercho Zerg 

Build Orders: Pool First 

Get SALT Encoding   

  12  0:02  Drone  
  13  0:26  Spawning Pool  
  12  0:33  Drone x2  
  14  0:39  Overlord  
  14  0:45  Extractor  
  14  0:49  Drone  
  14  0:58  Drone  
  15  1:06  Drone  
  16  1:23  Zergling x2  
  17  1:35  Zergling x2  
  18  1:42  Queen  
  18  1:45  Hatchery  
  19  2:12  Zergling x2  
  19  2:13  Zergling x4  
  22  2:23  Metabolic Boost  
  22  2:26  Lair  
  22  2:34  Overlord  
  22  2:54  Drone  
  22  2:55  Drone x4  
  27  3:03  Extractor  
  26  3:09  Zergling x4  
  28  3:15  Drone x2, Evolution Chamber  
  29  3:26  Queen  
  31  3:30  Zergling x2  
  32  3:41  Zerg Melee Weapons Level 1  
  32  3:56  Drone x4  
  36  4:10  Overlord x2  
  36  4:30  Drone x2  
  36  4:31  Drone x4  
  42  4:37  Extractor  
  41  4:42  Drone x3  
  36  5:16  Drone x11  
  47  5:41  Spine Crawler  
  46  5:45  Spine Crawler  
  45  5:55  Zergling x8  
  45  5:56  Zergling x6  
  52  6:07  Hatchery  
  51  6:14  Spire  
  50  6:23  Hatchery  
  49  6:30  Hydralisk Den  
  48  6:37  Extractor  
  47  6:59  Drone x2  
  49  7:23  Zerg Melee Weapons Level 2  
  49  7:26  Hydralisk  
  51  7:30  Overlord  
  51  7:31  Overlord x5  
  51  7:38  Zerg Flyer Weapons Level 1  
  51  7:44  Mutalisk x2  
  49  7:45  Mutalisk  
  49  7:48  Mutalisk x6  
  62  8:05  Lurker Den  
  62  8:07  Muscular Augments  
  61  8:13  Mutalisk  
  63  8:37  Drone x2  
  63  8:38  Drone  
  66  8:45  Infestation Pit  
  65  8:49  Spore Crawler  
  65  8:50  Hatchery  
  65  8:52  Spore Crawler  
  65  8:54  Extractor  
  65  8:55  Extractor  
  60  8:57  Mutalisk x4  
  60  9:02  Zergling x16  
  76  9:03  Zergling x14  
  83  9:11  Evolution Chamber  
  82  9:18  Grooved Spines  
  82  9:21  Hive  
  82  9:25  Zergling x12  
  67  10:28  Mutalisk x4  
  67  10:29  Mutalisk x4  
  60  10:57  Zergling x24  
  67  11:12  Zerg Ground Armor Level 1  
  67  11:13  Zerg Melee Weapons Level 3  
  67  11:14  Zerg Flyer Weapons Level 2  
  67  11:19  Zergling x12  
  73  11:28  Drone  
  73  11:29  Drone x2  
  73  11:32  Seismic Spines  
  70  12:17  Corruptor x5  
  80  12:23  Zergling x18  
  73  13:09  Mutalisk  
  73  13:10  Mutalisk x5  
  67  13:26  Corruptor  
  67  13:27  Corruptor  
  61  13:57  Mutalisk x8  
  61  13:58  Mutalisk  
  77  14:38  Mutalisk x5  
  75  14:39  Mutalisk  
  75  14:43  Overlord x3  
Show
View Real Time Build Order
Export as new Build Order

tigro Terran 

Build Orders:  

Get SALT Encoding   

  12  0:02  SCV  
  13  0:14  SCV  
  14  0:27  SCV  
  15  0:32  Supply Depot  
  15  0:34  Refinery  
  15  0:53  SCV  
  16  1:06  SCV  
  16  1:07  Refinery  
  16  1:09  Barracks  
  17  1:18  SCV  
  18  1:30  SCV  
  19  1:42  SCV  
  20  1:54  SCV  
  20  1:57  Supply Depot  
  21  2:05  Marine  
  21  2:06  SCV  
  23  2:12  Barracks  
  23  2:22  Marine  
  23  2:28  SCV  
  25  2:40  Marine  
  25  2:51  Orbital Command  
  26  2:58  Marine  
  26  3:01  Factory  
  27  3:07  Barracks Reactor  
  27  3:16  Marine  
  28  3:35  Engineering Bay  
  28  3:43  Barracks Tech Lab  
  28  3:47  Marine x2  
  30  3:51  Factory Tech Lab  
  30  4:04  Marine  
  30  4:05  Marine  
  32  4:12  Command Center, Terran Infantry Weapons Level 1  
  32  4:14  Combat Shield  
  32  4:22  Marine x2  
  34  4:32  Siege Tank  
  37  4:40  Marine x2  
  39  5:23  Marine  
  39  5:26  Refinery  
  40  5:32  Stimpack  
  40  5:39  Starport  
  40  5:41  Marine  
  28  5:59  Marine  
  29  6:06  Terran Infantry Armor Level 1  
  29  6:09  Marine x2  
  31  6:16  Starport, Marine  
  31  6:18  SCV  
  33  6:27  Marine x2  
  33  6:30  SCV  
  33  6:31  Siege Tank  
  39  6:34  Marine  
  39  6:35  Medivac  
  42  6:42  SCV  
  42  6:45  Marine x2  
  44  6:52  Marine  
  43  6:54  SCV  
  44  7:03  Marine x2  
  44  7:05  Starport Tech Lab  
  46  7:09  Starport Tech Lab  
  46  7:10  Marine  
  48  7:22  SCV  
  48  7:24  Fusion Core  
  48  7:35  SCV  
  49  7:37  Supply Depot  
  49  7:47  SCV  
  50  7:59  Supply Depot, SCV  
  50  8:00  Refinery, Neosteel Armor  
  51  8:10  Marine  
  51  8:11  Marine x2, SCV  
  55  8:23  SCV  
  56  8:28  Marine  
  56  8:29  Marine x2  
  56  8:32  Armory  
  59  8:35  SCV  
  60  8:46  Marine x3  
  60  8:47  SCV  
  64  8:59  SCV  
  64  9:00  Cloaking Field  
  65  9:03  Hyperflight Rotors  
  65  9:04  Marine x3  
  65  9:07  Infernal Pre-Igniter  
  68  9:11  SCV  
  69  9:22  Marine x3  
  69  9:23  SCV  
  73  9:27  Medivac x2  
  77  9:36  SCV  
  78  9:40  Hi-Sec Auto Tracking  
  78  9:58  Marine x3, SCV  
  82  10:11  SCV  
  83  10:16  Marine x3  
  83  10:19  Corvid Reactor  
  84  10:26  Mag-Field Accelerator  
  84  10:34  Marine x3  
  84  10:48  Battlecruiser x2  
  87  10:52  Marine x3  
  84  11:09  Marine x3  
  68  11:27  Marine x3  
  71  11:33  Thor  
  77  11:45  Marine  
  78  11:47  Marine x2  
  78  11:52  Medivac, Battlecruiser  
  88  11:55  Planetary Fortress  
  85  12:03  Marine  
  85  12:05  Marine x2  
  76  12:16  Thor  
  76  12:20  Missile Turret  
  76  12:21  Marine  
  76  12:22  Medivac  
  82  12:23  Marine x2  
  69  12:38  Marine  
  69  12:40  Marine  
  69  12:41  Marine  
  69  12:49  Missile Turret  
  62  12:52  Medivac  
  62  12:56  Medivac, Marine  
  65  12:58  Marine  
  65  12:59  Thor, Marine  
  69  13:08  Missile Turret  
  62  13:14  Marine  
  62  13:16  Marine x2  
  63  13:28  Missile Turret  
  63  13:32  Marine  
  53  13:34  Marine x2  
  53  13:48  Missile Turret  
  53  13:50  Marine  
  53  13:52  Marine x2  
  44  14:08  Marine, Missile Turret  
  41  14:33  Missile Turret  
  41  14:38  Missile Turret  
  7  15:07  Missile Turret  
Tags
 
Add a new tag
Caveats
  • Supply blocks, unpowered buildings, or Contaminate may cause inaccurate times.
  • Supply counts are checked every 10 seconds.